 Dungeon Crawl Stone Soup version 0.18.1-8-gdd0e5ea (webtiles) character file.

265 Metae the Digger (level 5, -5/44 HPs)
             Began as a Deep Dwarf Earth Elementalist on May 26, 2016.
             Was an Initiate of Pakellas.
             Slain by a crimson imp
             ... wielding a +2 dagger of chaos
              (10 damage)
             ... on level 3 of the Dungeon.
             The game lasted 01:07:55 (7784 turns).

Metae the Digger (Deep Dwarf Earth Elementalist)    Turns: 7784, Time: 01:07:55

Health: -5/44      AC:  1    Str: 12    XL:     5   Next: 99%
Magic:  0/7        EV: 13    Int: 16    God:    Pakellas [......]
Gold:   125        SH:  0    Dex: 13    Spells: 3 memorised, 3 levels left

rFire  . . .     SeeInvis .     n - +0 dagger
rCold  . . .     Gourm    .     (no armour)
rNeg   . . .     Faith    .     (no shield)
rPois  .         Spirit   .     (no helmet)
rElec  .         Dismiss  .     (no cloak)
rCorr  .         Reflect  .     j - +0 pair of gloves
SustAt .         Harm     .     (no boots)
MR     .....                    (no amulet)
Stlth  ++........               (no ring)
                                (no ring)

@: lethally poisoned (-5 -> -5), very slightly contaminated, non-regenerating,
drained, not resistant to hostile enchantments, unstealthy
A: damage resistance, recharge devices, sense surroundings 1, slow regeneration
3
a: Device Recharging, Renounce Religion


You were on level 3 of the Dungeon.
You worshipped Pakellas.
Pakellas was noncommittal.
You were not hungry.

You visited 1 branch of the dungeon, and saw 3 of its levels.

You collected 125 gold pieces.

Inventory:

Hand Weapons
 n - a +0 dagger (weapon)
 r - a +0 shortbow
Missiles
 b - 77 stones (quivered)
 q - 23 bolts
 t - 29 arrows
 v - 14 poisoned needles
Armour
 a - a +0 robe
 h - a +0 ring mail
 j - a +0 pair of gloves (worn)
 m - a +0 robe
 s - a +0 leather armour
 w - a +2 robe
Wands
 d - a wand of heal wounds (5/9)
Scrolls
 e - a scroll of fog {unknown}
 f - a scroll of enchant weapon {unknown}
 i - a scroll of identify {unknown}
 l - a scroll of enchant armour {unknown}
 y - a scroll of remove curse {unknown}
Potions
 g - a potion of cure mutation
 k - a potion of flight {unknown}
 o - a potion of mutation {unknown}
Books
 c - a book of Geomancy

   Spells                             Type                      Level
   a - Sandblast                      Earth                        1
   b - Passwall                       Transmutation/Earth          2
   c - Stone Arrow                    Conjuration/Earth            3
   d - Petrify                        Transmutation/Earth          4
   e - Lee's Rapid Deconstruction     Earth                        5
Comestibles
 u - a meat ration


   Skills:
 + Level 1.5(1.2) Fighting
 + Level 0.1(0.0) Short Blades
 + Level 2.0(1.8) Armour
 + Level 4.0(3.8) Dodging
 + Level 2.7(2.5) Stealth
 + Level 0.3(0.1) Unarmed Combat
 + Level 2.8(2.6) Spellcasting
 + Level 0.1(0.0) Conjurations
 + Level 0.8(0.6) Transmutations
 + Level 5.3(5.1) Earth Magic


You had 3 spell levels left.
You knew the following spells:

 Your Spells              Type           Power        Failure   Level  Hunger
a - Sandblast             Erth           ###...       2%          1    #......
b - Passwall              Trmt/Erth      ##........   10%         2    ##.....
c - Stone Arrow           Conj/Erth      ##....       21%         3    ###....


Dungeon Overview and Level Annotations

Branches:
Dungeon (3/15)

Altars:
Gozag
Pakellas
Xom
Yredelemnul


Innate Abilities, Weirdness & Mutations

You are resistant to damage.
You can recharge devices by infusing magical energy.
You passively map a small area around you.
You do not regenerate naturally.


Message History

The crimson imp hits you but does no damage.
You hit the crimson imp.
The crimson imp is moderately wounded.
The crimson imp hits you with a dagger of chaos.
* * * LOW HITPOINT WARNING * * *
You hit the crimson imp but do no damage.
The crimson imp is moderately wounded.
The crimson imp closely misses you.
You hit the crimson imp.
The crimson imp is moderately wounded.
The crimson imp closely misses you.
You barely miss the crimson imp.
The crimson imp is moderately wounded.
The crimson imp blinks!
The crimson imp barely misses you.
You hit the crimson imp but do no damage.
The crimson imp hits you with a dagger of chaos.
You are electrocuted!
You die...
Pakellas says: Time to start the next experiment...

, , #...# #.#
########### **###.#
#.# #.......... #.#
#.# #.######### #.#
#.# #.# ##.## #.# #.#
######...####.#####.#
...).....)..........#
...###...###5########
#* * ##.## #@# * #.#
#.# ##.# #.# , #..#
#.# #.## #.# ,* #.#
#.# *, #.# #.# #.#
#.# , * #.# #.#


You could see a crimson imp.

Vanquished Creatures
  2 crimson imps (D:3)
  Jessica (D:2)
  Ijyb (D:1)
  A worker ant (D:1)
  2 adders
  3 oozes
  A worm (D:2)
  3 dart slugs
  A giant gecko (D:1)
  2 ball pythons
  8 bats
  A giant cockroach (D:1)
  9 goblins
  11 hobgoblins
  12 jackals
  15 kobolds
  2 giant newts (D:1)
  5 rats
80 creatures vanquished.

Notes
Turn   | Place    | Note
--------------------------------------------------------------
     0 | D:1      | Metae the Deep Dwarf Earth Elementalist began the quest for the Orb.
     0 | D:1      | Reached XP level 1. HP: 15/15 MP: 3/3
   531 | D:1      | Reached XP level 2. HP: 19/22 MP: 0/5
   945 | D:1      | Learned a level 2 spell: Passwall
  1301 | D:1      | Reached XP level 3. HP: 20/30 MP: 1/6
  1729 | D:1      | Reached skill level 5 in Earth Magic
  1734 | D:1      | Learned a level 3 spell: Stone Arrow
  4100 | D:2      | Noticed Ijyb
  4112 | D:1      | Reached XP level 4. HP: 37/37 MP: 0/6
  4805 | D:1      | Killed Ijyb
  4825 | D:1      | Reached skill level 1 in Armour
  5376 | D:2      | Reached XP level 5. HP: 31/43 MP: 0/7
  5653 | D:2      | Found an oddly glowing altar of Pakellas.
  5653 | D:2      | Found a shimmering altar of Xom.
  5654 | D:2      | Found a basalt altar of Yredelemnul.
  5681 | D:2      | Found an opulent altar of Gozag.
  6057 | D:2      | Noticed Jessica
  6130 | D:2      | Reached skill level 1 in Fighting
  6185 | D:2      | Killed Jessica
  7075 | D:2      | Became a worshipper of Pakellas the Inventive
  7513 | D:3      | Found a shimmering altar of Xom.
  7710 | D:3      | Paralysed by a crimson imp for 5 turns
  7740 | D:3      | HP: 1/44 [crimson imp/dagger of chaos (4)]
  7784 | D:3      | Slain by a crimson imp

Skill      XL: |  1  2  3  4  5 |
---------------+----------------+-----
Spellcasting   | 2 |  2.8
Earth Magic    | 5 |  5.3
Dodging        | 3 4 |  4.0
Armour         | 1 2 |  2.0
Fighting       | 1 |  1.5
Short Blades   | |  0.1
Stealth        | |  2.7
Unarmed Combat | |  0.3
Conjurations   | |  0.1
Transmutations | |  0.8

Action                   |  1- 3 |  4- 6 || total
-------------------------+-------+-------++-------
Melee: Unarmed           |    63 |   256 ||   319
       Dagger            |       |   175 ||   175
       Punch             |       |     1 ||     1
 Cast: Sandblast         |    93 |    68 ||   161
       Passwall          |     1 |     1 ||     2
       Stone Arrow       |       |    12 ||    12
 Abil: Device Recharging |     1 |     1 ||     2
Evoke: Wand              |     3 |     8 ||    11
  Use: Potion            |       |     1 ||     1
  Eat: Bread ration      |     2 |     3 ||     5
       Chunk             |     2 |     2 ||     4
       Fruit             |     1 |     3 ||     4
       Pizza             |       |     1 ||     1
Armor: Robe              |    22 |       ||    22
       Ring mail         |    37 |   219 ||   256
       Skin              |       |     9 ||     9
Dodge: Dodged            |   122 |   464 ||   586
